 Dungeon Crawl Stone Soup version 0.25-a0-317-g5f8687bca5 (webtiles) character file.

Game seed: 13614481562437131409, levelgen mode: deterministic

5775 Derrek the Blocker (level 10, 0/82 HPs)
             Began as a Gnoll Fighter on Dec 26, 2019.
             Was an Elder of Okawaru.
             Splashed by a jelly's acid (3 damage)
             ... on level 8 of the Dungeon on Dec 27, 2019.
             The game lasted 02:35:48 (8803 turns).

Derrek the Blocker (Gnoll Fighter)                  Turns: 8803, Time: 02:35:49

Health: 0/82       AC: 12    Str: 20    XL:     10   Next: 78%
Magic:  18/18      EV: 19    Int: 10    God:    Okawaru [****..]
Gold:   352        SH: 12    Dex: 17    Spells: 17/20 levels left

rFire    . . .     SeeInvis .   a - +1 long sword
rCold    . . .     Gourm    .   c - +0 shield
rNeg     . . .     Faith    .   z - +0 crystal plate armour
rPois    .         Spirit   .   (no helmet)
rElec    .         Reflect  .   A - +0 cloak
rCorr    .         Harm     .   (no gloves)
MR       +....                  (no boots)
Stlth    ..........             u - amulet of the acrobat
HPRegen  0.23/turn              D - ring of protection from magic
MPRegen  0.16/turn              K - ring of stealth

@: corroded, acrobat
A: distributed training, fangs 1, strong nose
a: Heroism, Renounce Religion


You were on level 8 of the Dungeon.
You worshipped Okawaru.
Okawaru was greatly pleased with you.
You were not hungry.

You visited 2 branches of the dungeon, and saw 9 of its levels.

You collected 352 gold pieces.

Inventory:

Hand Weapons
 a - a +1 long sword (weapon)
 e - a +0 rapier
 g - a +0 flail
 i - a +0 short sword
 n - a +0 shortbow
 p - a +0 whip of flaming
 q - a +0 great mace
 r - a +0 dagger of protection
 w - a +3 quarterstaff of chaos
 y - a +0 trident
 G - a +1 dagger of venom
 J - a +0 flail
 Z - a +0 battleaxe
Missiles
 h - 205 arrows
 j - 107 bolts
 O - 12 poisoned darts (quivered)
Armour
 b - a +0 scale mail
 c - a +0 shield (worn)
 k - a +0 animal skin
 t - a +0 scale mail
 x - the +4 ring mail of Death's Door {MR- rCorr Int+10 Dex-4}
   (You found it on level 7 of the Dungeon)

   It affects your intelligence (+10).
   It affects your dexterity (-4).
   It affects your resistance to hostile enchantments.
   It provides partial protection from all sources of acid and corrosion.
 z - a +0 crystal plate armour (worn)
 A - a +0 cloak (worn)
 H - a +2 leather armour of cold resistance
 I - a +0 chain mail
 P - a +0 cloak
 T - a +0 ring mail
 V - a +0 scale mail
 X - a -2 pair of gloves
Magical Staves
 s - an uncursed staff of energy
Jewellery
 u - an amulet of the acrobat (around neck)
 D - a ring of protection from magic (left hand)
 K - a ring of stealth (right hand)
 L - a -4 ring of protection
Wands
 v - a wand of acid (10)
Scrolls
 l - a scroll of identify
 m - 3 scrolls of teleportation
 E - a scroll of enchant armour {unknown}
 F - a scroll of fear {unknown}
 Y - a scroll of blinking
Potions
 d - 3 potions of might
 o - a potion of invisibility
 B - a potion of haste
 C - 2 potions of degeneration
 W - 2 potions of heal wounds {unknown}
Comestibles
 f - 9 rations


   Skills:
 + Level 8.6 Fighting
 + Level 5.5 Short Blades
 + Level 7.2 Long Blades
 + Level 5.5 Axes
 + Level 5.5 Maces & Flails
 + Level 5.5 Polearms
 + Level 5.5 Staves
 + Level 5.5 Slings
 + Level 5.5 Bows
 + Level 5.5 Crossbows
 + Level 5.5 Throwing
 + Level 8.6 Armour
 + Level 5.5 Dodging
 + Level 5.5 Stealth
 + Level 8.6 Shields
 + Level 5.5 Unarmed Combat
 + Level 5.5 Spellcasting
 + Level 4.5 Conjurations
 + Level 4.5 Hexes
 + Level 4.5 Charms
 + Level 4.5 Summonings
 + Level 4.5 Necromancy
 + Level 4.5 Translocations
 + Level 4.5 Transmutations
 + Level 4.5 Fire Magic
 + Level 4.5 Ice Magic
 + Level 4.5 Air Magic
 + Level 4.5 Earth Magic
 + Level 4.5 Poison Magic
 + Level 6.0 Invocations
 + Level 5.5 Evocations


You had 17 spell levels left.
You knew the following spells:

 Your Spells              Type           Power        Failure   Level  Hunger
a - Dazzling Flash        Conj/Hex       ##....       100%        3    ###....

Your spell library contained the following spells:

 Spells                   Type           Power        Failure   Level  Hunger
 Corona                   Hex            ##.....      100%        1    None
 Ensorcelled Hibernation  Hex/Ice        ##....       100%        2    ##.....
 Confuse                  Hex            ##......     100%        3    ###....
 Tukima's Dance           Hex            ##......     100%        3    ###....


Dungeon Overview and Level Annotations

Branches:
Dungeon (8/15)             Temple (1/1) D:5
   Lair: D:8-11

Altars:
Ashenzari
Dithmenos
Fedhas
Gozag
Hepliaklqana
Makhleb
Okawaru
Sif Muna
Uskayaw
Vehumet
Yredelemnul
The Shining One

Shops:
D:6 (}


Innate Abilities, Weirdness & Mutations

Your experience applies equally to all skills.
You have very sharp teeth.
Your uncanny sense of smell can sniff out nearby items.


Message History

The jelly hits you but does no damage.
Throwing (i - inventory. (/) - cycle)
R - a javelin (quivered)
Press: ? - help, Shift-Dir - straight line, f - jelly
Aim: a jelly (severely wounded)
You throw a javelin. The javelin pierces through the jelly.
The jelly is severely wounded.
You feel sick. You block the jelly's attack.
Things that are here:
a +0 dagger; a +0 robe; an orc corpse Throwing (i - inventory)
O - 13 poisoned darts (quivered)
Press: ? - help, Shift-Dir - straight line, f/p - jelly
Aim: a jelly (severely wounded)
You throw a poisoned dart.
The poisoned dart barely misses the jelly.
* * * LOW HITPOINT WARNING * * *
You feel sick.
You are no longer poisoned.
The jelly hits you but does no damage.
You hit the jelly.
Your hands burn!
You die...

#.# ...#.##.###.#.# #.#
#.#.##.......# #.#
#.............
#)######.##.###.#..
#)##.# #<##.# #.#y. #
#.##.# #.##.###....
#.###.##.# #.##.##..#
##.....##.###.##.##..#
#......@J.....)..##..##.
#..#.........()####.....
#. ####...###.≈(.†....((
.. ......# #######.)##.
. .....#.# #.)#
.........# .<.#
###...#..# ##...
........ ##.## .# ## .#


You could see a jelly.

Vanquished Creatures
  Harold (D:8)
  Pikel (D:5)
  A troll (D:8)
  2 hippogriffs
  Eustachio (D:5)
  A human (D:7)
  A yak (D:7)
  3 hogs (D:7)
  A water moccasin (D:7)
  An orc warrior (D:8)
  3 ice beasts
  2 phantoms
  4 sky beasts
  4 ogres
  2 centaurs
  2 bullfrogs (D:6)
  2 scorpions
  9 killer bees
  2 howler monkeys
  2 bullfrog zombies
  A crimson imp (D:5)
  A centaur zombie (D:7)
  A jelly (D:6)
  A hound (D:7)
  4 orc wizards
  7 orc priests
  Crazy Yiuf (D:7)
  3 worker ants
  Natasha (twice) (D:2)
  A hound skeleton (D:6)
  A howler monkey skeleton (D:4)
  7 gnolls
  9 adders
  2 shadow imps
  An adder skeleton (D:6)
  4 worms
  2 dart slugs (D:1)
  5 leopard geckos
  24 orcs
  4 giant cockroaches
  3 hobgoblins
  3 jackals (D:1)
  5 quokkas
  A ball python (D:4)
  A ball python skeleton (D:4)
  8 bats
  7 frilled lizards
  10 goblins
  5 kobolds
  A leopard gecko skeleton (D:6)
  4 rats
  A fungus (D:7)
175 creatures vanquished.

Vanquished Creatures (others)
  A bullfrog skeleton (D:5)
1 creature vanquished.

Grand Total: 176 creatures vanquished

Notes
Turn   | Place    | Note
-------+----------+-------------------------------------------
     0 | D:1      | Derrek the Gnoll Fighter began the quest for the Orb.
     0 | D:1      | Reached XP level 1. HP: 23/23 MP: 1/1
   254 | D:1      | Reached XP level 2. HP: 29/29 MP: 2/2
  1104 | D:2      | Reached XP level 3. HP: 32/35 MP: 3/3
  1355 | D:2      | Reached skill level 1 in Invocations
  1483 | D:2      | Reached skill level 1 in Short Blades
  1483 | D:2      | Reached skill level 1 in Axes
  1483 | D:2      | Reached skill level 1 in Maces & Flails
  1483 | D:2      | Reached skill level 1 in Polearms
  1483 | D:2      | Reached skill level 1 in Staves
  1483 | D:2      | Reached skill level 1 in Slings
  1483 | D:2      | Reached skill level 1 in Bows
  1483 | D:2      | Reached skill level 1 in Crossbows
  1483 | D:2      | Reached skill level 1 in Throwing
  1483 | D:2      | Reached skill level 1 in Dodging
  1483 | D:2      | Reached skill level 1 in Stealth
  1483 | D:2      | Reached skill level 1 in Unarmed Combat
  1483 | D:2      | Reached skill level 1 in Spellcasting
  1483 | D:2      | Reached skill level 1 in Evocations
  1483 | D:2      | Reached XP level 4. HP: 35/41 MP: 5/5
  1612 | D:2      | Noticed Natasha
  1634 | D:2      | Killed Natasha
  1634 | D:2      | Reached skill level 1 in Conjurations
  1634 | D:2      | Reached skill level 1 in Hexes
  1634 | D:2      | Reached skill level 1 in Charms
  1634 | D:2      | Reached skill level 1 in Summonings
  1634 | D:2      | Reached skill level 1 in Necromancy
  1634 | D:2      | Reached skill level 1 in Translocations
  1634 | D:2      | Reached skill level 1 in Transmutations
  1634 | D:2      | Reached skill level 1 in Fire Magic
  1634 | D:2      | Reached skill level 1 in Ice Magic
  1634 | D:2      | Reached skill level 1 in Air Magic
  1634 | D:2      | Reached skill level 1 in Earth Magic
  1634 | D:2      | Reached skill level 1 in Poison Magic
  1771 | D:2      | Noticed Natasha
  1782 | D:2      | Killed Natasha
  1782 | D:2      | Reached XP level 5. HP: 31/47 MP: 5/7
  3149 | D:3      | Reached XP level 6. HP: 43/53 MP: 8/8
  3498 | D:4      | Reached skill level 5 in Long Blades
  3818 | D:4      | Reached XP level 7. HP: 56/59 MP: 10/10
  4156 | D:5      | Entered Level 5 of the Dungeon
  4168 | D:5      | Found a staircase to the Ecumenical Temple.
  4175 | D:5      | Noticed Eustachio
  4257 | D:5      | Killed Eustachio
  4407 | D:5      | Noticed Pikel
  4456 | D:5      | Killed Pikel
  4456 | D:5      | Reached XP level 8. HP: 64/67 MP: 12/12
  5111 | D:5      | Learned a level 3 spell: Dazzling Flash
  5178 | Temple   | Entered the Ecumenical Temple
  5280 | Temple   | Became a worshipper of Warmaster Okawaru
  5625 | D:6      | Reached XP level 9. HP: 44/72 MP: 14/14
  5963 | D:6      | Found Wigary's Gadget Emporium.
  6011 | D:6      | Found Ruawkiew's Weapon Emporium.
  6100 | D:6      | Reached * piety under Okawaru
  6903 | D:7      | Reached ** piety under Okawaru
  6995 | D:7      | Reached skill level 5 in Invocations
  7091 | D:7      | Got a steaming ring mail
  7092 | D:7      | Identified the +4 ring mail of Death's Door {MR- rCorr
                  | Int+10 Dex-4} (You found it on level 7 of the Dungeon)
  7394 | D:7      | Reached XP level 10. HP: 77/80 MP: 17/17
  7461 | D:7      | Found a runed translucent door.
  7462 | D:7      | Noticed Crazy Yiuf
  7472 | D:7      | Killed Crazy Yiuf
  7943 | D:7      | HP: 2/80 [yak (8)]
  7984 | D:7      | HP: 3/80 [hog (2)]
  8310 | D:7      | Reached skill level 5 in Short Blades
  8310 | D:7      | Reached skill level 5 in Axes
  8310 | D:7      | Reached skill level 5 in Maces & Flails
  8310 | D:7      | Reached skill level 5 in Polearms
  8310 | D:7      | Reached skill level 5 in Staves
  8310 | D:7      | Reached skill level 5 in Slings
  8310 | D:7      | Reached skill level 5 in Bows
  8310 | D:7      | Reached skill level 5 in Crossbows
  8310 | D:7      | Reached skill level 5 in Throwing
  8310 | D:7      | Reached skill level 5 in Dodging
  8310 | D:7      | Reached skill level 5 in Stealth
  8310 | D:7      | Reached skill level 5 in Unarmed Combat
  8310 | D:7      | Reached skill level 5 in Spellcasting
  8310 | D:7      | Reached skill level 5 in Evocations
  8339 | D:7      | Reached *** piety under Okawaru
  8687 | D:8      | Noticed Harold
  8723 | D:8      | Killed Harold
  8723 | D:8      | Reached **** piety under Okawaru
  8792 | D:8      | HP: 2/82 [acid (3)]
  8803 | D:8      | Splashed by a jelly's acid

Levels and vault maps discovered:
D:1:      sevenhm_arrival_forest_fort_large_2, layout_loops_ring,
          hangedman_decor_points, minmay_indecisive_spiral
D:2:      layout_basic, first_ration, uniq_natasha
D:3:      layout_basic, minmay_tree_intersection, minmay_misc_feat_roman,
          kennysheep_generic_room_7
D:4:      layout_basic
D:5:      layout_basic, minmay_temple_entry_statues, serial_park_tiny_pond,
          minmay_liquid_box, uniq_eustachio, uniq_pikel
D:6:      layout_loops_ring, serial_shops, shop, nicolae_shop_stone
D:7:      layout_basic, grunt_livestock, hangedman_decor_growths,
          uniq_crazy_yiuf_cottage
D:8:      layout_basic, minmay_misc_feat_nine_boxes, uniq_harold
Temple:   minmay_temple_bridge_abc

Skill      XL: |  1  2  3  4  5  6  7  8  9 10 |
---------------+-------------------------------+-----
Invocations    | 1 2 3 4 5 6 |  6.0
Short Blades   | 1 2 3 4 5 |  5.5
Axes           | 1 2 3 4 5 |  5.5
Maces & Flails | 1 2 3 4 5 |  5.5
Polearms       | 1 2 3 4 5 |  5.5
Staves         | 1 2 3 4 5 |  5.5
Slings         | 1 2 3 4 5 |  5.5
Bows           | 1 2 3 4 5 |  5.5
Crossbows      | 1 2 3 4 5 |  5.5
Throwing       | 1 2 3 4 5 |  5.5
Dodging        | 1 2 3 4 5 |  5.5
Stealth        | 1 2 3 4 5 |  5.5
Unarmed Combat | 1 2 3 4 5 |  5.5
Spellcasting   | 1 2 3 4 5 |  5.5
Evocations     | 1 2 3 4 5 |  5.5
Conjurations   | 1 2 3 4 |  4.5
Hexes          | 1 2 3 4 |  4.5
Charms         | 1 2 3 4 |  4.5
Summonings     | 1 2 3 4 |  4.5
Necromancy     | 1 2 3 4 |  4.5
Translocations | 1 2 3 4 |  4.5
Transmutations | 1 2 3 4 |  4.5
Fire Magic     | 1 2 3 4 |  4.5
Ice Magic      | 1 2 3 4 |  4.5
Air Magic      | 1 2 3 4 |  4.5
Earth Magic    | 1 2 3 4 |  4.5
Poison Magic   | 1 2 3 4 |  4.5
Long Blades    | 5 6 7 |  7.2
Fighting       | 7 8 |  8.6
Armour         | 7 8 |  8.6
Shields        | 7 8 |  8.6

Action                   |  1- 3 |  4- 6 |  7- 9 | 10-12 || total
-------------------------+-------+-------+-------+-------++-------
Melee: Long sword        |    41 |       |       |   101 ||   142
       Bite              |    10 |    14 |    63 |    43 ||   130
       Short sword       |     5 |       |       |       ||     5
       Staff             |     4 |       |       |       ||     4
       Spear             |       |    32 |       |       ||    32
       Trident           |       |   154 |   496 |    97 ||   747
       Whip              |       |       |       |    78 ||    78
Throw: Dart              |    50 |    50 |    33 |     1 ||   134
       Javelin           |       |    11 |     5 |    15 ||    31
       Boomerang         |       |       |     3 |       ||     3
Invok: Heroism           |       |       |     2 |     5 ||     7
  Use: Scroll            |     6 |     2 |     9 |     2 ||    19
       Potion            |       |       |     3 |     9 ||    12
  Eat: Ration            |     1 |     2 |     5 |     1 ||     9
Armor: Scale mail        |    22 |     7 |       |       ||    29
       Crystal plate arm |       |    89 |   378 |   194 ||   661
Dodge: Dodged            |    20 |    25 |   110 |    89 ||   244
Block: Shield            |    32 |   109 |   337 |   210 ||   688
       Rpst.: Long sword |     6 |       |       |     9 ||    15

Table legend:
 A = Non-vault XP
 B = Vault XP
 C = Vault XP percentage of total XP
 D = Non-vault monster count
 E = Vault monster count
 F = Vault count percentage of total count
                 A         B        C        D         E       F
            +---------+---------+-------+---------+---------+-------
      Total |    5334 |    2916 |  35.3 |     159 |      16 |   9.1
            +---------+---------+-------+---------+---------+-------
        D:1 |      25 |       5 |  16.7 |      14 |       4 |  22.2
        D:2 |     152 |      35 |  18.7 |      25 |       1 |   3.8
        D:3 |     134 |       4 |   2.9 |      22 |       2 |   8.3
        D:4 |     296 |       0 |   0.0 |      15 |       0 |   0.0
        D:5 |     573 |     871 |  60.3 |      11 |       2 |  15.4
        D:6 |    1108 |       0 |   0.0 |      28 |       0 |   0.0
        D:7 |    1818 |     999 |  35.5 |      30 |       6 |  16.7
        D:8 |    1228 |    1002 |  44.9 |      14 |       1 |   6.7
            +---------+---------+-------+---------+---------+-------
